[Event "*** Titled Tuesday 3|2 Blitz"]
[Site "Chess.com"]
[Date "2016.09.06"]
[Round "1"]
[White "fpawn"]
[Black "Gabrielian_Artur"]
[Result "0-1"]
[WhiteElo "2198"]
[BlackElo "2516"]
[TimeControl "180+2"]
[EndTime "17:08:53 PDT"]
[Termination "Gabrielian_Artur won by resignation"]

1. e4 c5 2. Nc3 d6 3. g3 Nc6 4.
Bg2 g6 5. d3 Bg7 6. Be3 Rb8 7.
f4 e6 8. Qd2 Nge7 9. Nf3 b5 10.
O-O b4 11. Nd1 O-O 12. Kh1 a5 13. Rb1 Ba6 14. b3 a4 15. e5 Nd5 16. Bg1 dxe5 17. fxe5 Nxe5 18. Bxc5 Re8 19. Nxe5 Bxe5 20. Qf2 Qc7 21.
Re1 Bg7 22. d4 axb3 23. axb3 Nf6 24. Ra1 Bb7 25. Ne3 Bxg2+ 26. Qxg2 Nd7 27. Ra7 Qc8 28. Bd6 Rb5 29. Nc4 Nb6 30. Bc5 Nxc4 31. bxc4 Rb8 32. Rf1 f5 33. Rfa1 e5 34. Qd5+ Qe6 35. Qxe6+ Rxe6 36. d5 Ree8 37. Rc7 Ra8 38. Raa7 Rxa7 39. Rxa7 e4 40.
Be3 Bf8 41. c5 g5 42. c6 f4 43. gxf4 gxf4 44. Bxf4 e3 45. Ra1 e2 46. Re1 b3 47.
cxb3 Bb4 48. d6 Bxe1 49. d7 Rf8 50. c7 Ba5 51. c8=Q e1=Q+ 52. Kg2 Qe4+ 53. Kh3 Qf5+ 54. Kg2 Rxc8 0-1

[Event "*** Titled Tuesday 3|2 Blitz"]
[Site "Chess.com"]
[Date "2016.09.06"]
[Round "1"]
[White "steinitz_attack"]
[Black "hypert"]
[Result "0-1"]
[WhiteElo "1802"]
[BlackElo "2334"]
[TimeControl "180+2"]
[EndTime "17:08:54 PDT"]
[Termination "hypert won on time"]

1. d4 Nf6 2. Nf3 e6 3. e3 d5 4.
Bd3 c6 5. b3 Nbd7 6. Bb2 Bd6 7.
Nbd2 Qc7 8. c4 O-O 9. c5 Be7 10. O-O e5 11. dxe5 Ng4 12. Qc2 h6 13. Qc3 Nxc5 14.
h3 h5 15. hxg4 hxg4 16. Nh2 g3 17. fxg3 Bg5 18. Qxc5 b6 19. Qd6 Bxe3+ 20. Kh1 Qxd6 21. exd6 Bxd2 22. Nf3 Bb4 23. Ne5 Bxd6 24. Nxc6 Bb7 25. Nd4 Bxg3 26. Nf5 Bb8 27. Bxg7 Re8 28. Rf3 Be5 29. Bh6 Bxa1 30. Rg3+ Kh8 31. Rh3 Re1+ 32. Kh2 Be5+ 33. Bf4+ Kg8 34. Ne7+ Kg7 35. Bxe5+ Rxe5 36. Nf5+ Kf6 37. Rh6+ Kg5 38. Rh7 Rf8 39. Ng3 Bc8 40. Rh5+ Kf6 41. Rh6+ Ke7 42. Nh5 Be6 43. Ng7 Re3 44.
Bb5 d4 0-1

[Event "*** Titled Tuesday 3|2 Blitz"]
[Site "Chess.com"]
[Date "2016.09.06"]
[Round "1"]
[White "ItalianMachine"]
[Black "DanielNaroditsky"]
[Result "0-1"]
[WhiteElo "2328"]
[BlackElo "2734"]
[TimeControl "180+2"]
[EndTime "17:08:57 PDT"]
[Termination "DanielNaroditsky won by resignation"]

1. e4 e6 2. d4 d5 3. Nd2 Be7 4. Ngf3 Nf6 5. Bd3 c5 6. dxc5 dxe4 7. Nxe4 Nxe4 8. Bxe4 Qxd1+ 9. Kxd1 Bxc5 10. Ke2 Nd7 11. c3 Nf6 12. Bd3 Ke7 13. Re1 Rd8 14. h3 b6 15. Bg5 Bb7 16. Rad1 h6 17. Bh4 g5 18. Bg3 a5 19. Ne5 Rac8 20. Kf1 Kf8 21.
Ng4 Nh5 22. Nxh6 Nxg3+ 23. fxg3 Rxd3 24. Rxd3 Ba6 25. Ke2 Rd8 26. Rd1 f5 27. b3 Rxd3 28. Rxd3 Bxd3+ 29. Kxd3 Kg7 30. Nxf5+ exf5 31. Kc4 Kf6 32.
Kd5 Bf2 33. g4 f4 34. b4 a4 35. c4 Ke7 36. c5 bxc5 37. bxc5 Kd7 38. Kc4 Kc6 39.
Kb4 Bxc5+ 40. Kxa4 Kd5 41. Kb5 Bd4 42. a4 Ke4 43.
Kc4 Ke3 44. a5 Ba7 45. Kd5 Kf2 0-1

[Event "*** Titled Tuesday 3|2 Blitz"]
[Site "Chess.com"]
[Date "2016.09.06"]
[Round "1"]
[White "CraiggoryC"]
[Black "tigra"]
[Result "0-1"]
[WhiteElo "2015"]
[BlackElo "2419"]
[TimeControl "180+2"]
[EndTime "17:09:10 PDT"]
[Termination "tigra won by resignation"]

1. e4 c5 2. Nf3 g6 3. d4 cxd4 4.
Nxd4 Nc6 5. c4 d6 6. Nc3 Nxd4 7. Qxd4 Nf6 8. Bg5 Bg7 9. Qd2 Be6 10. Be2 Rc8 11. b3 b5 12. cxb5 Nxe4 13. Nxe4 Bxa1 14. O-O Be5 15. Bh6 d5 16. Ng5 Qc7 17. Nxe6 fxe6 18.
Bg4 Qc2 19. Qe1 Qe4 20. Qxe4 dxe4 21. Bxe6 Rc2 22. a4 Bd4 23. Be3 Bxe3 24. fxe3 Rc5 25. Rf4 Re5 26. Bc4 Kd7 27. a5 Rc8 28. Rf7 h5 29.
Rg7 g5 30. Rh7 h4 31. Rh5 Rf8 32. Rh6 Rf6 33. Rxf6 exf6 34. Kf2 g4 35. Be2 Rg5 36. h3 gxh3 37. gxh3 f5 38. Bf1 Rg3 39. b6 axb6 40. axb6 Kc6 41. b4 Kxb6 42. b5 Kc5 43. Ke2 Rg1 44.
Kf2 Rxf1+ 45. Kxf1 Kxb5 46. Ke2 Kc4 47. Kd2 Kb3 48.
Kd1 Kc3 49. Ke2 Kc2 50. Ke1 Kd3 51. Kf2 Kd2 52. Kg2 Kxe3 53. Kh2 f4 54. Kh1 Kf2 55.
Kh2 e3 56. Kh1 Kg3 0-1

[Event "*** Titled Tuesday 3|2 Blitz"]
[Site "Chess.com"]
[Date "2016.09.06"]
[Round "1"]
[White "FearlessKing64"]
[Black "Salem-AR"]
[Result "0-1"]
[WhiteElo "2306"]
[BlackElo "2677"]
[TimeControl "180+2"]
[EndTime "17:09:14 PDT"]
[Termination "Salem-AR won on time"]

1. e4 c5 2. Nf3 d6 3. d4 cxd4 4.
Nxd4 Nf6 5. f3 e5 6. Bb5+ Nbd7 7. Nf5 a6 8. Bxd7+ Qxd7 9. Ne3 Be7 10. O-O O-O 11. c4 b5 12. cxb5 axb5 13. Nc3 Bb7 14. b3 Bd8 15. Kh1 Rc8 16. Bb2 Rc5 17. Rc1 Nh5 18.
Ncd5 Rxc1 19. Bxc1 g6 20. g4 Ng7 21. Ba3 Ne6 22. Bxd6 Re8 23. Bxe5 Qc6 24. Ba1 Bg5 25. Qd2 Rd8 26. Qb2 f6 27. Nxf6+ Kf7 28. Nfd5 Qd6 29. Rd1 Rc8 30. Kg2 h5 31. gxh5 Bxd5 32. Nxd5 gxh5 33. Qe5 Rc2+ 34. Kg1 Qxe5 35. Bxe5 Rxa2 36. f4 Bh4 37. f5 Ng5 38. Bg3 Bxg3 39. hxg3 Nxe4 40. Rd3 Nf2 41. Rc3 Ne4 42. Rd3 Rb2 43. Nf4 Kf6 44.
Nxh5+ Kxf5 45. Nf4 Kg4 46. Rd4 Kxg3 47. Rxe4 Rb1+ 0-1

[Event "*** Titled Tuesday 3|2 Blitz"]
[Site "Chess.com"]
[Date "2016.09.06"]
[Round "1"]
[White "OparinGrigoriy"]
[Black "spirals5"]
[Result "1-0"]
[WhiteElo "2607"]
[BlackElo "2267"]
[TimeControl "180+2"]
[EndTime "17:09:19 PDT"]
[Termination "OparinGrigoriy won by resignation"]

1. e4 c5 2. Nf3 d6 3. d4 cxd4 4.
Nxd4 Nf6 5. Nc3 a6 6. h3 e5 7. Nb3 h5 8. Be3 Be6 9. f4 Qc7 10. Qe2 Nbd7 11. f5 Bxb3 12. axb3 Rc8 13. O-O-O b5 14.
Kb1 Be7 15. Rg1 b4 16. Nd5 Nxd5 17. Rxd5 Nf6 18. Rd1 Nxe4 19. g3 Nc5 20. Bg2 e4 21. Bxc5 Qxc5 22. Bxe4 O-O 23. g4 hxg4 24. hxg4 Bg5 25.
Rh1 Rfe8 26. Qh2 Kf8 27. Bd3 Qe5 28. Qh8+ Ke7 29. Qh5 Qf6 30. Bc4 Rh8 31. Rhe1+ Kd7 32. Qxf7+ Qxf7 33. Bxf7 Rcf8 34. Bc4 a5 35. Re6 Bf4 36.
Bb5+ Kc7 37. Re7+ Kb6 38. Bc4 Be5 39. Be6 Re8 40. Rd7 Rd8 41. Rxd8 Rxd8 42. Rh1 Kc5 43.
g5 Re8 44. Rg1 d5 45. Rd1 d4 46. Rh1 Kd6 47. Bc4 Rf8 48. Bd3 Bf4 49. Rg1 Rh8 50. Ka2 Be3 51. Rg4 Re8 52. Rg2 Ke5 53. Rg4 Rf8 54. Re4+ Kd6 55. Re6+ Kd7 56. Rg6 Rf7 57. Bc4 Re7 58. f6 gxf6 59. gxf6 Re5 60. f7 Ke7 61. Rg8 Bh6 62. Re8+ Kd6 63. f8=Q+ Bxf8 64. Rxf8 Rc5 65. Bd3 Ke6 66. Kb1 Rf5 67. Rxf5 1-0

[Event "*** Titled Tuesday 3|2 Blitz"]
[Site "Chess.com"]
[Date "2016.09.06"]
[Round "1"]
[White "andretta"]
[Black "Evgeny_Levin"]
[Result "0-1"]
[WhiteElo "2284"]
[BlackElo "2643"]
[TimeControl "180+2"]
[EndTime "17:09:22 PDT"]
[Termination "Evgeny_Levin won by resignation"]

1. d4 Nf6 2. Bf4 d6 3. e3 Nbd7 4. Nf3 g6 5. Be2 Bg7 6. O-O O-O 7. h3 b6 8. a4 a6 9. c3 Bb7 10. Na3 Re8 11. Bh2 Ne4 12. Nd2 Nxd2 13. Qxd2 e5 14. Rfd1 Qg5 15. Bf1 Nf6 16. dxe5 Ne4 17. Qe1 dxe5 18.
Nc4 Rad8 19. Rxd8 Rxd8 20. Rd1 Rxd1 21. Qxd1 Bc6 22. Qc2 h5 23. h4 Qxh4 24. Nxe5 Bxa4 25. Qe2 Bb5 26. Qe1 Qe7 27. Bxb5 axb5 28. Nf3 c5 29. Qb1 Qe6 30. Qd3 Bf6 31. Bc7 b4 32.
Bxb6 c4 33. Qc2 b3 34. Qb1 Nxc3 35. bxc3 Qxb6 36. Nd2 Qa6 37. Nxb3 cxb3 38. Qxb3 Qa1+ 39. Kh2 Qxc3 40. Qb8+ Kg7 41. g3 Qe5 42. Qb7 Qf5 43. Kg1 Qg4 44. Kf1 h4 45. gxh4 Qd1+ 46. Kg2 Qg4+ 47.
Kf1 Qxh4 48. Qa8 Qh3+ 49. Ke2 Qg4+ 50. Kf1 Qd7 51. Qa2 Qd1+ 52. Kg2 Qg4+ 53. Kf1 Qe4 54. Qa6 Be5 55. Ke2 Qg4+ 56. Kf1 Qf3 57. Qb5 Bf6 58. Qa6 g5 59. Ke1 g4 60. Qc4 g3 61. fxg3 Qxe3+ 62. Kf1 Qf3+ 63. Kg1 Qxg3+ 64. Kh1 Qf3+ 65. Kg1 Qg3+ 66.
Kh1 Qh4+ 0-1

[Event "*** Titled Tuesday 3|2 Blitz"]
[Site "Chess.com"]
[Date "2016.09.06"]
[Round "1"]
[White "theprosecution1"]
[Black "jposthuma"]
[Result "0-1"]
[WhiteElo "2457"]
[BlackElo "2172"]
[TimeControl "180+2"]
[EndTime "17:09:29 PDT"]
[Termination "jposthuma won on time"]

1. e4 c6 2. d4 d5 3. e5 c5 4.
dxc5 Nc6 5. Bb5 e6 6. Be3 Ne7 7. c3 Bd7 8. Bxc6 Nxc6 9. f4 g5 10. fxg5 Nxe5 11. Nf3 Nc4 12. Bd4 e5 13. Nxe5 Rg8 14.
O-O Qxg5 15. Qf3 Nxe5 16. Bxe5 Bxc5+ 17. Bd4 Bxd4+ 18. cxd4 Be6 19. Nc3 O-O-O 20. Rac1 Kb8 21. Qf4+ Qxf4 22. Rxf4 Rg7 23. g3 h5 24. Re1 Rg4 25.
Ref1 Kc7 26. Kg2 a6 27. h3 Rg6 28. Rf6 Rdg8 29. Rxg6 Rxg6 30. h4 Kd6 31. Re1 Rf6 32. Re5 Rf5 33. Rxf5 Bxf5 34. Kf3 f6 35. Kf4 Bg4 36.
Na4 Kc6 37. Nc5 a5 38. Nd3 Kd6 39. Nc5 Kc6 40. a3 b6 41. Nd3 Kb5 42. Ke3 Kc4 43. Nc1 Bf5 44. Kf4 Bg4 45. Ke3 Be6 46. Ne2 Kb3 47.
Nc3 Kxb2 48. Na4+ Kxa3 49. Nxb6 Kb4 50. Kf4 a4 0-1

[Event "*** Titled Tuesday 3|2 Blitz"]
[Site "Chess.com"]
[Date "2016.09.06"]
[Round "1"]
[White "NTBT_DHS"]
[Black "MattyDPerrine"]
[Result "1-0"]
[WhiteElo "2536"]
[BlackElo "2207"]
[TimeControl "180+2"]
[EndTime "17:10:06 PDT"]
[Termination "NTBT_DHS won on time"]

1. d4 Nf6 2. c4 c5 3. d5 b5 4.
cxb5 a6 5. bxa6 g6 6. Nc3 Bxa6 7.
g3 d6 8. Bg2 Bg7 9. Nf3 O-O 10.
O-O Nbd7 11. Rb1 Qa5 12. Bd2 Nb6 13. b3 Nfd7 14. Qc2 Qa3 15. Ne1 Bb7 16. Qd1 Qa5 17.
Qc1 Rac8 18. a4 Qa8 19. Bh6 Nxd5 20. Bxg7 Kxg7 21. Nd3 Nb4 22. Nf4 Bxg2 23. Nxg2 d5 24. Rd1 d4 25. Nb5 e5 26. Nd6 Rc6 27. Nc4 Na2 28.
Qg5 Nc3 29. Nh4 f5 30. Nf3 Nxb1 31. Rxb1 Qe8 32. a5 e4 33. Nh4 h6 34. Qc1 g5 35.
Ng2 Nf6 36. e3 Nd5 37. Qb2 Nc3 38. Ra1 Qa8 39. Qd2 Rd8 40. Ne5 Re6 41. Nc4 Ra6 42. h4 Kf6 43. Rc1 Qd5 44. hxg5+ hxg5 45. Qb2 Kg6 46. Re1 Nb5 47. Rd1 Nd6 48. Nb6 Rxb6 49. axb6 d3 50. g4 Rb8 51. gxf5+ Nxf5 52. Qa3 Rxb6 53.
Qa7 Qb7 54. Qa5 Rb5 55. Qd8 Qe7 56. Qc8 Rb6 57. Ra1 Rb7 58. Ra6+ Kg7 59. Qxf5 1-0

[Event "*** Titled Tuesday 3|2 Blitz"]
[Site "Chess.com"]
[Date "2016.09.06"]
[Round "1"]
[White "Alexander_Moskalenko"]
[Black "MbMaster"]
[Result "1/2-1/2"]
[WhiteElo "2649"]
[BlackElo "2298"]
[TimeControl "180+2"]
[EndTime "17:10:07 PDT"]
[Termination "Game drawn by repetition"]

1. b3 e5 2. Bb2 Nc6 3. c4 Nf6 4.
e3 d5 5. cxd5 Nxd5 6. a3 Be7 7.
d3 O-O 8. Nf3 Re8 9. Be2 Bf8 10.
O-O a6 11. Nbd2 Bg4 12. b4 Qd7 13. Rc1 Rad8 14. Ne4 Qc8 15. h3 Bh5 16. Qc2 Bg6 17. Nh4 Bxe4 18. dxe4 Nb6 19. Bg4 Qb8 20. Nf5 g6 21.
Ng3 Rd6 22. Rfd1 Red8 23. Rxd6 Rxd6 24. Ne2 Qd8 25. Bc3 Nc4 26. Qa2 Nd2 27. Bxd2 Rxd2 28. Qc4 Rd1+ 29. Kh2 h5 30. Bf3 Rxc1 31. Nxc1 a5 32.
Nd3 axb4 33. axb4 Qd6 34. b5 Na5 35. Qc3 b6 36. g3 Nb7 37. Kg2 Nc5 38. Nb2 Qd7 39. Be2 Nxe4 40. Qxe5 Nd6 41. Qd5 Qf5 42. Qxf5 Nxf5 43. Bd3 Nd6 44. Nd1 Bg7 45. f4 Kf8 46. e4 Ke7 47. e5 Nb7 48. Kf3 Nc5 49. Bc4 Ke8 50. Ne3 Bf8 51. Nd5 Ne6 52. Nf6+ Ke7 53. Ke4 Nc5+ 54. Kd5 Ne6 55. Kc6 Kd8 56. Bxe6 fxe6 57.
Ne4 Be7 58. g4 hxg4 59. hxg4 Kc8 60. Nf6 Kd8 61. Ne4 Bh4 62. Kb7 Kd7 63. Nc3 Bg3 64. Ne2 Bh2 65. g5 Kd8 66. Kb8 Kd7 67. Kb7 Kd8 68.
Nd4 Kd7 69. Ne2 1/2-1/2

[Event "*** Titled Tuesday 3|2 Blitz"]
[Site "Chess.com"]
[Date "2016.09.06"]
[Round "1"]
[White "akinov-akinseye"]
[Black "Rumpel-VK"]
[Result "0-1"]
[WhiteElo "2038"]
[BlackElo "2444"]
[TimeControl "180+2"]
[EndTime "17:10:07 PDT"]
[Termination "Rumpel-VK won by checkmate"]

1. e4 d6 2. d4 Nf6 3. Nc3 Nbd7 4. Nf3 e5 5. dxe5 dxe5 6. Bc4 Be7 7. O-O O-O 8. h3 c6 9. Be3 b5 10. Bd3 b4 11. Ne2 Qc7 12. Ng3 Nc5 13. Qe2 Nxd3 14. cxd3 Ba6 15. Nf5 Nxe4 16. Bh6 gxh6 17. Qxe4 Bf6 18.
Nxh6+ Kh8 19. Rac1 c5 20. Qf5 Bg7 21. Ng5 Bxd3 22.
Qxd3 e4 23. Qxe4 f5 24. Nxf5 Rae8 25. Qh4 Bxb2 26. Rxc5 Qd7 27. Rd5 Qc7 28. Qh6 Rf6 29. Qh5 Rg8 30. Rb1 Bc3 31. Rc1 Rfg6 32. Rc5 Qd7 33.
Rd5 Rxg5 34. Qxg5 Qxd5 35. Qxg8+ Qxg8 36. a3 Qb3 37. g4 bxa3 38. Ne3 a2 39. Kg2 a1=Q 40.
Rxa1 Bxa1 41. Nf5 a5 42. h4 a4 43. h5 a3 44. h6 a2 45. Ne3 Qxe3 46. fxe3 Bb2 47.
Kf3 a1=Q 48. g5 Qa6 49. Kf4 Qg6 50. e4 Bc1+ 51. Ke5 Bxg5 52. Kd4 Bxh6 53. e5 Bg7 54.
Kd5 Bxe5 55. Kxe5 h5 56. Kf4 h4 57. Ke3 Qg4 58. Kf2 Qg3+ 59. Ke2 h3 60. Kf1 Qg2+ 61.
Ke1 h2 62. Kd1 h1=Q# 0-1

[Event "*** Titled Tuesday 3|2 Blitz"]
[Site "Chess.com"]
[Date "2016.09.06"]
[Round "1"]
[White "Iball95"]
[Black "papapizza_old"]
[Result "0-1"]
[WhiteElo "2490"]
[BlackElo "2251"]
[TimeControl "180+2"]
[EndTime "17:10:54 PDT"]
[Termination "papapizza_old won by checkmate"]

1. e4 c5 2. Nf3 d6 3. Bb5+ Nd7 4.
d4 Nf6 5. e5 cxd4 6. Qxd4 dxe5 7. Nxe5 a6 8. Nxd7 Bxd7 9. Bxd7+ Qxd7 10. Qxd7+ Kxd7 11. c4 Rc8 12. b3 b5 13. Nd2 e6 14.
Bb2 Bb4 15. O-O-O Ke7 16. Kb1 Rhd8 17. Nf3 bxc4 18. Rxd8 Kxd8 19. bxc4 Rxc4 20. Ne5 Rc7 21. a3 Ba5 22. Rd1+ Nd5 23. Rd3 Ke7 24. Rg3 g6 25. Rh3 h5 26. Rf3 Ke8 27. Bd4 Bc3 28. Bxc3 Nxc3+ 29. Kb2 Nd5 30. g3 g5 31. h4 f6 32. Nd3 g4 33.
Rf4 Nxf4 34. Nxf4 Rc5 35. Nxe6 Rb5+ 36. Kc3 Ke7 37. Nd4 Rc5+ 38. Kb4 Rd5 39. Kc4 Kd6 40. a4 Rc5+ 41. Kb4 a5+ 42. Kb3 Kd5 43. Nf5 Ke4 44.
Nd6+ Kf3 45. Nb7 Re5 46. Kc4 Kxf2 47. Nc5 Kxg3 48. Nd3 Rf5 49. Kd4 Kxh4 50. Ke4 Re5+ 51. Kf4 Rd5 52. Nf2 Rd4+ 53. Ke3 Rxa4 54. Nd1 Rb4 55.
Nc3 Rb8 56. Nd5 Kg5 57. Nc3 Ra8 58. Ne4+ Kg6 59. Kf4 a4 60. Nc3 a3 61. Na2 Ra4+ 62. Kg3 Kg5 63. Nc3 Rc4 64. Ne2 a2 65. Ng1 Rc3+ 66.
Kg2 a1=Q 67. Ne2 Rc2 68. Kg3 Qa3+ 69. Kf2 Rxe2+ 70. Kxe2 Qf3+ 71. Ke1 g3 72. Kd2 g2 73. Kc2 g1=Q 74. Kd2 Qgg2+ 75. Ke1 Qff1# 0-1

[Event "*** Titled Tuesday 3|2 Blitz"]
[Site "Chess.com"]
[Date "2016.09.06"]
[Round "1"]
[White "ruifeng"]
[Black "rithwik2002"]
[Result "1-0"]
[WhiteElo "2345"]
[BlackElo "1902"]
[TimeControl "180+2"]
[EndTime "17:11:39 PDT"]
[Termination "ruifeng won by checkmate"]

1. e4 c5 2. Bc4 Nc6 3. Nf3 e6 4. O-O d6 5. c3 Be7 6. d4 cxd4 7. cxd4 Nf6 8. Nc3 Nxe4 9. Nxe4 d5 10. Bd3 dxe4 11. Bxe4 O-O 12. Be3 Bd7 13. a3 Rc8 14. Rc1 Bd6 15. d5 exd5 16. Qxd5 Be6 17. Qh5 g6 18. Qh6 Qe7 19. Ng5 f6 20. Nxe6 Qxe6 21.
Bb1 Rfe8 22. Rfd1 Rcd8 23. g3 Ne5 24. Be4 Ng4 25. Bd5 Qxd5 26. Rxd5 Nxh6 27. Bxh6 Be5 28. Rxd8 Rxd8 29. Rc2 Rd1+ 30. Kg2 a6 31. f4 Bd4 32.
Kf3 b6 33. Ke4 f5+ 34. Kf3 Rd3+ 35. Kg2 Rb3 36. Rc8+ Kf7 37. Rc7+ Ke6 38. Rxh7 Rxb2+ 39. Kh1 Kd5 40. Bg7 b5 41. Bxd4 Kxd4 42. Rg7 a5 43.
Rxg6 a4 44. Rf6 b4 45. axb4 a3 46. Ra6 a2 47. h4 Rb1+ 48. Kg2 a1=Q 49. Rxa1 Rxa1 50.
Kh3 Ra6 51. h5 Ke4 52. Kh4 Kf3 53. Kg5 Kxg3 54. b5 Rb6 55. h6 Kf3 56. h7 Rb8 57. b6 Rh8 58. b7 Rb8 59. Kxf5 Rf8+ 60. Kg5 Ke4 61. Kg6 Kxf4 62. Kg7 Rb8 63. h8=Q Rxb7+ 64. Kf6 Rb6+ 65. Ke7 Rb7+ 66. Kd6 Rb4 67. Kc5 Re4 68.
Qf6+ Ke3 69. Kd5 Re8 70. Qg5+ Kf2 71. Kd4 Re2 72. Kd3 Re8 73. Qf4+ Ke1 74. Qh4+ Kf1 75.
Kd2 Re2+ 76. Kd1 Rg2 77. Qf4+ Kg1 78. Ke1 Kh1 79. Qe4 Kh2 80. Kf1 Rg1+ 81. Kf2 Rg3 82. Qh4+ Rh3 83. Qf4+ Kh1 84. Qc1+ Kh2 85. Qg1# 1-0

[Event "*** Titled Tuesday 3|2 Blitz"]
[Site "Chess.com"]
[Date "2016.09.06"]
[Round "1"]
[White "AllStarShark"]
[Black "wonderfultime"]
[Result "0-1"]
[WhiteElo "2300"]
[BlackElo "2676"]
[TimeControl "180+2"]
[EndTime "17:11:42 PDT"]
[Termination "wonderfultime won by checkmate"]

1. d4 d5 2. Bf4 Nf6 3. e3 c5 4.
c3 Qb6 5. Qb3 Bf5 6. Bxb8 Rxb8 7. Bb5+ Kd8 8. Be2 c4 9. Qxb6+ axb6 10. Nd2 e6 11. a3 b5 12. Ngf3 Bd6 13. Nh4 Be4 14. f3 Bg6 15. Kf2 Kc7 16. Nxg6 hxg6 17. e4 Bf4 18. e5 Bxd2 19. exf6 gxf6 20. Rad1 Bf4 21. g3 Bd6 22. f4 Rbg8 23. Bf3 g5 24. fxg5 fxg5 25. Rde1 Kd7 26. Bd1 Rh6 27. Kg2 Rgh8 28. h3 f5 29. g4 Bf4 30. Bf3 Kd6 31. Re2 R8h7 32. gxf5 exf5 33. Re8 g4 34. Bd1 Rxh3 35.
Rxh3 Rxh3 36. Rf8 Rh2+ 37. Kf1 Ke6 38. Re8+ Kf6 39. Rf8+ Kg5 40. Rg8+ Kh4 41. Rf8 Kg5 42. Rg8+ Kf6 43. Rf8+ Ke6 44. Re8+ Kd6 45. Rf8 Rd2 46. Be2 Ke6 47. Re8+ Kf7 48. Rd8 Rxb2 49. Rxd5 Ke6 50. Rd8 Bd6 51. Re8+ Kd7 52. Rh8 Rb3 53. Rh7+ Be7 54.
Rf7 Ke6 55. Rh7 Rxc3 56. Rh6+ Kd5 57. Rh7 Bxa3 58. Rxb7 Rb3 59. Rf7 Ke4 60. d5 Bc5 61.
Rc7 Bd6 62. Rc6 Kxd5 63. Rc8 Re3 64. Rh8 Re4 65. Rh5 Rf4+ 66. Kg2 b4 67. Rh8 b3 68. Rc8 Rd4 69. Rd8 b2 70. Bd3 cxd3 71. Rd7 b1=Q 72. Rb7 Qxb7 73. Kf2 d2 74. Ke2 f4 75.
Kf2 g3+ 76. Kg2 d1=Q 77. Kh3 Qh7+ 78. Kg2 f3# 0-1

[Event "*** Titled Tuesday 3|2 Blitz"]
[Site "Chess.com"]
[Date "2016.09.06"]
[Round "1"]
[White "pedromartinez91"]
[Black "metalbattler"]
[Result "1-0"]
[WhiteElo "2377"]
[BlackElo "2003"]
[TimeControl "180+2"]
[EndTime "17:12:40 PDT"]
[Termination "pedromartinez91 won on time"]

1. e4 d5 2. exd5 Nf6 3. c4 c6 4. d4 cxd5 5. Nc3 e6 6. Nf3 Bb4 7.
Bd3 dxc4 8. Bxc4 O-O 9. O-O b6 10. Bg5 Bb7 11. Ne5 Bxc3 12. bxc3 Qc7 13. Bd3 Nbd7 14. Nxd7 Nxd7 15. Qd2 Rac8 16. Rfc1 Qc6 17. Bf1 Qe4 18. a4 Qf5 19. a5 bxa5 20. Rcb1 Be4 21.
Rb5 Qg6 22. Rbxa5 Rc7 23. Rxa7 Rxa7 24. Rxa7 Nb6 25. c4 h6 26. Be7 Rc8 27. Bc5 Nxc4 28.
Qf4 Nb2 29. Qg3 Qxg3 30. hxg3 Nd3 31. f3 Nxc5 32. dxc5 Bd5 33. Ra5 Kf8 34. Kf2 Ke7 35. Ke3 e5 36. c6 Kd6 37. Bb5 Bxc6 38. Ra6 Kc5 39. Bxc6 Rxc6 40. Ra7 Rf6 41. Ke4 Kb6 42. Re7 Kc6 43. Rxe5 Kd6 44. Rd5+ Ke6 45. Ra5 Ke7 46. Ra7+ Kf8 47. g4 Re6+ 48. Kf4 g6 49. Ra5 Kg7 50. Kg3 Rc6 51. Rd5 Rb6 52. Rd7 Rb5 53. Rd4 Ra5 54. Re4 Rb5 55. Kf4 Ra5 56. Re5 Ra4+ 57. Ke3 Rb4 58. g3 Ra4 59. Re4 Ra5 60. Kf4 Rb5 61. Rc4 Ra5 62. Ke4 Rb5 63. Ra4 Rc5 64. Kd4 Rb5 65. Ra3 Rb1 66. f4 Re1 67. Re3 Rg1 68.
Ke4 Kf6 69. Ra3 Kg7 70. f5 Re1+ 71. Kf4 Rf1+ 72. Ke4 Re1+ 73. Kf4 Rf1+ 74. Rf3 Rxf3+ 75. Kxf3 gxf5 76. gxf5 h5 77. Ke4 Kf6 78. Kf4 Kg7 79.
Kg5 h4 80. Kxh4 1-0

[Event "*** Titled Tuesday 3|2 Blitz"]
[Site "Chess.com"]
[Date "2016.09.06"]
[Round "2"]
[White "putinwarrior"]
[Black "GianmarcoVaR"]
[Result "0-1"]
[WhiteElo "2334"]
[BlackElo "2427"]
[TimeControl "180+2"]
[EndTime "17:15:44 PDT"]
[Termination "GianmarcoVaR won by resignation"]

1. d4 Nf6 2. Bg5 Ne4 3. Bf4 d5 4. e3 c5 5. Bd3 Nf6 6. c3 Nc6 7. Nd2 Bg4 8. Ngf3 e6 9. h3 Bh5 10. g4 Bg6 11. Bxg6 hxg6 12. Ne5 Nxe5 13. Bxe5 Bd6 14.
Qa4+ Kf8 15. f4 Nxg4 16. Nf3 Nxe3 17. Ke2 Nf5 18. Kf2 Bxe5 19. dxe5 Qb6 20. Rab1 c4+ 21. Kg2 Qe3 22. Qb4+ Kg8 23. Rhe1 Qxf4 24. Qxb7 Qg3+ 0-1

[Event "*** Titled Tuesday 3|2 Blitz"]
[Site "Chess.com"]
[Date "2016.09.06"]
[Round "2"]
[White "ZEN-22"]
[Black "Quiet_Desperation"]
[Result "0-1"]
[WhiteElo "2272"]
[BlackElo "2232"]
[TimeControl "180+2"]
[EndTime "17:16:52 PDT"]
[Termination "Quiet_Desperation won by resignation"]

1. e4 Nc6 2. d4 d5 3. Nc3 e6 4. a3 Nf6 5. e5 Nd7 6. f4 Ne7 7. Nf3 Nf5 8. g4 Nh6 9. h3 a6 10. Be3 c5 11. Qd2 Be7 12. Bg2 b5 13. O-O c4 14. f5 Ng8 15. fxe6 fxe6 16. Ng5 Bxg5 17. Bxg5 Qb6 18. Rae1 h6 19. Bh4 g5 20. Bxg5 hxg5 21. Qxg5 Ne7 22. Rf4 Bb7 23. Qg7 Rf8 24.
Qf7+ Rxf7 25. Rxf7 Kxf7 26. Rf1+ Ke8 27. Ne2 Nxe5 28.
Rf6 Kd7 29. h4 Nxg4 30. Rf7 Rg8 31. Kh1 Qd6 32. Nf4 Ke8 0-1

[Event "*** Titled Tuesday 3|2 Blitz"]
[Site "Chess.com"]
[Date "2016.09.06"]
[Round "2"]
[White "beastfromweast"]
[Black "fidetrainerNET"]
[Result "1-0"]
[WhiteElo "2309"]
[BlackElo "2186"]
[TimeControl "180+2"]
[EndTime "17:16:55 PDT"]
[Termination "beastfromweast won by resignation"]

1. d4 c5 2. d5 e5 3. c4 d6 4. Nc3 f5 5. e4 fxe4 6. Nxe4 Nf6 7. Bd3 Nxe4 8. Bxe4 g6 9. Nf3 Nd7 10.
O-O Nf6 11. Bc2 Bg7 12. Re1 O-O 13. b3 Bf5 14. Bb2 e4 15. Ng5 Nxd5 16. Qxd5+ Kh8 17.
Bxg7+ Kxg7 18. Ne6+ Bxe6 19. Qxe6 Qg5 20. Qxd6 Rad8 21.
Qc7+ Rf7 22. Qg3 Qf6 23. Bxe4 Re8 24. Bd5 Rfe7 25. Rxe7+ Rxe7 26. Rf1 Qb2 27. Qd6 1-0

[Event "*** Titled Tuesday 3|2 Blitz"]
[Site "Chess.com"]
[Date "2016.09.06"]
[Round "2"]
[White "Viaje"]
[Black "AllStarShark"]
[Result "0-1"]
[WhiteElo "2201"]
[BlackElo "2306"]
[TimeControl "180+2"]
[EndTime "17:16:55 PDT"]
[Termination "AllStarShark won by resignation"]

1. d4 d5 2. c4 dxc4 3. Nf3 Nf6 4. e3 Bg4 5. Bxc4 e6 6. h3 Bh5 7.
Nc3 Nc6 8. g4 Bg6 9. Qe2 Bb4 10.
Bd2 Ne4 11. h4 Nxd2 12. Nxd2 h5 13. Bb3 hxg4 14. Qxg4 Qf6 15. O-O-O Bh5 16. Qg3 Bxc3 17. bxc3 Bxd1 18. Qxc7 Bxb3 19. Qxb7 O-O 20. Qxc6 Bd5 0-1

[Event "*** Titled Tuesday 3|2 Blitz"]
[Site "Chess.com"]
[Date "2016.09.06"]
[Round "2"]
[White "tigra"]
[Black "hypert"]
[Result "1-0"]
[WhiteElo "2430"]
[BlackElo "2327"]
[TimeControl "180+2"]
[EndTime "17:17:03 PDT"]
[Termination "tigra won by resignation"]

1. e4 c5 2. Nf3 e6 3. c3 d5 4. e5 Nc6 5. d4 Bd7 6. a3 c4 7.
Nbd2 Qb6 8. Rb1 Na5 9. Be2 Ne7 10. b4 Nac6 11. Bxc4 f5 12. Bd3 h6 13. Nb3 g5 14. h4 g4 15. Ng1 h5 16. Nc5 Ng6 17. Ne2 Qd8 18. Nxb7 Qc7 19. Nc5 Be7 20. g3 O-O 21.
Bh6 Rfb8 22. Na6 1-0

[Event "*** Titled Tuesday 3|2 Blitz"]
[Site "Chess.com"]
[Date "2016.09.06"]
[Round "2"]
[White "jposthuma"]
[Black "WinnieTPooh"]
[Result "1-0"]
[WhiteElo "2175"]
[BlackElo "1850"]
[TimeControl "180+2"]
[EndTime "17:17:31 PDT"]
[Termination "jposthuma won by resignation"]

1. d4 Nf6 2. Nf3 e6 3. Bf4 c5 4. c3 b5 5. e3 a6 6. a4 b4 7. cxb4 cxb4 8. Nbd2 Bb7 9. Bd3 d5 10. O-O Bd6 11. Bxd6 Qxd6 12. Ne5 Nbd7 13. f4 O-O 14. Rf3 Ne4 15. Rh3 f5 16. Bxe4 dxe4 17. Ndc4 Qe7 18. Nxd7 Qxd7 19. Nb6 Qd6 20. Nxa8 Rxa8 21. Qh5 h6 22.
Qg6 Kf8 23. g4 Qd5 24. g5 Rc8 25. gxh6 gxh6 26. Rxh6 Rc2 27. Qf6+ Ke8 28. Rh8+ Kd7 29.
Rd8+ 1-0

[Event "*** Titled Tuesday 3|2 Blitz"]
[Site "Chess.com"]
[Date "2016.09.06"]
[Round "2"]
[White "DavidForthoffer"]
[Black "Ksenia_Legenko"]
[Result "1-0"]
[WhiteElo "2070"]
[BlackElo "1999"]
[TimeControl "180+2"]
[EndTime "17:18:22 PDT"]
[Termination "DavidForthoffer won by resignation"]

1. d4 d5 2. c4 dxc4 3. Nf3 Nf6 4. e3 e6 5. Nc3 a6 6. Bxc4 b5 7. Bd3 Bb7 8. O-O Nbd7 9. Qe2 c5 10. Rd1 Be7 11. dxc5 Bxc5 12. e4 Qb6 13. Rf1 e5 14. Bg5 O-O 15. Rad1 Qe6 16. Bh4 Rfd8 17. Kh1 Nf8 18.
a4 b4 19. Bc4 Qb6 20. Nd5 Bxd5 21. Bxd5 Rac8 22. Ng5 Nxd5 23. exd5 f6 24. Ne4 Bd4 25. Qg4 Ng6 26. d6 Nxh4 27. Qxh4 Rc2 28. b3 Qc6 29. Qg4 Qd7 30. Nxf6+ 1-0